 Dungeon Crawl Stone Soup version 0.29.0-4-gdea44cf6ec (webtiles) character file.

Game seed: 855263473905021278

284 qw the Ruffian (level 6, -1/48 HPs)
             Began as a Ghoul Fire Elementalist on Aug 29, 2022.
             Killed from afar by a white imp (4 damage)
             ... with a puff of frost
             ... on level 4 of the Dungeon.
             The game lasted 00:03:13 (3090 turns).

qw the Ruffian (Ghoul Fire Elementalist)            Turns: 3090, Time: 00:03:14

Health: -1/48      AC:  8    Str: 14      XL:     6   Next: 29%
Magic:  7/7        EV: 13    Int: 10      God:
Gold:   131        SH:  0    Dex:  7 (15) Spells: 7/8 levels left

rFire   . . .      SeeInvis .     - Unarmed
rCold   + . .      Faith    .   (no shield)
rNeg    + + +      Spirit   .   l - +0 scale mail
rPois   inf        Reflect  .   (no helmet)
rElec   .          Harm     .   b - +0 cloak
rCorr   .          Rampage  .   f - +0 pair of gloves
Will    .....                   (no boots)
Stlth   ..........              c - amulet of regeneration
HPRegen 0.00/turn               j - +6 ring of dexterity
MPRegen 0.10/turn               a - +4 ring of evasion

@: inhibited regen
A: claws 1, cold resistance 1, negative energy resistance 3, inhibited
regeneration, torment resistance 2, devour on kill
a: no special abilities


You were on level 4 of the Dungeon.
You visited 1 branch of the dungeon, and saw 4 of its levels.

You collected 131 gold pieces.


Innate Abilities, Weirdness & Mutations

You are immune to poison.
You have sharp fingernails.
Your flesh is cold resistant. (rC+)
You are immune to negative energy. (rN+++)
You do not regenerate when monsters are visible.
You are immune to unholy pain and torment.
You thrive by killing the living.


   Skills:
 - Level 2.1 Fighting
 + Level 0.0 Armour
 - Level 1.7 Dodging
 - Level 2.1 Stealth
 - Level 6.1 Unarmed Combat
 - Level 1.7 Spellcasting
 - Level 0.7 Conjurations
 - Level 2.4 Fire Magic


You had 7 spell levels left.
You knew the following spells:

 Your Spells              Type           Power      Damage    Failure   Level
a - Foxfire               Conj/Fire      16%        2x1d4     58%         1

Your spell library contained the following spells:

 Spells                   Type           Power      Damage    Failure   Level
 Scorch                   Fire           10%        2d5       63%         2
 Conjure Flame            Conj/Fire      4%         6-21      92%         3
 Inner Flame              Hex/Fire       3%         N/A       95%         3
 Flame Wave               Conj/Fire      4%         2d5       100%        4

Inventory:

Missiles
 h - 5 javelins (quivered)
Armour
 b - a +0 cloak (worn)
 f - a +0 pair of gloves (worn)
 l - a +0 scale mail (worn)
Jewellery
 a - a +4 ring of evasion (right hand)
 c - an amulet of regeneration (around neck)
 j - a +6 ring of dexterity (left hand)
 k - a ring of protection from cold
Potions
 d - a potion of haste {unknown}
 e - a potion of attraction {unknown}
 g - a potion of mutation

Dungeon Overview and Level Annotations

Branches:
Dungeon (4/15)
 Temple: D:4-7

Altars:

Shops:
D:1 (?!(*

Annotations:
D:3 1 runed translucent door, Crazy Yiuf


Message History

Menkaure is heavily damaged.
You hit Menkaure.
Menkaure is severely damaged.
Menkaure hits you!
You barely miss Menkaure.
Menkaure is severely damaged.
The goblin closely misses you.
Menkaure casts a spell.
Menkaure seems to speed up.
You hit Menkaure.
Menkaure is almost destroyed.
Menkaure closely misses you. The goblin hits you but does no damage.
You hit Menkaure.
Menkaure is almost destroyed.
Menkaure barely misses you. The goblin hits you with a +0 dagger.
You hit Menkaure.
Menkaure is almost destroyed.
Menkaure hits you! The goblin hits you but does no damage.
3087 ||| READING scroll of teleportation.
As you read the scroll of teleportation, it crumbles to dust.
You feel strangely unstable. Menkaure hits you. The goblin misses you.
You hit Menkaure but do no damage.
Menkaure is almost destroyed.
Menkaure hits you.
You hit Menkaure.
You destroy Menkaure!
The goblin hits you but does no damage.
You feel your dexterity returning.
Your Unarmed Combat skill gained 2 levels and is now at level 6!
You have reached level 6!
You hit the goblin but do no damage. Your punch misses the goblin.
Your surroundings suddenly seem different.
A white imp and an endoplasm come into view.
The white imp shouts, "Escape, thou pribbling wibble-sucking fustilarian!"
You hear an angry hiss.
A ball python comes into view.
The white imp gestures at you. The puff of frost hits you. You resist.
You die...

#...S....
.......
....5.#
.....##
#.J...#
#.....#
#.#.....#
#...@...#
#............
##......##...
#.....#.. .
###.####.# #.
.# ## #


You could see a white imp, an endoplasm and a ball python.

Vanquished Creatures
  Menkaure (D:4)
  A scorpion (D:3)
  A quasit (D:3)
  2 adders
  A worm (D:2)
  A dart slug (D:3)
  5 endoplasms
  3 giant cockroaches
  3 goblins
  5 hobgoblins
  A quokka (D:2)
  6 ball pythons
  6 bats
  5 frilled lizards
  11 kobolds
  5 rats
57 creatures vanquished.

Vanquished Creatures (others)
  A demonic plant (D:4)
  3 fungi (D:3)
  4 plants (D:1)
8 creatures vanquished.

Grand Total: 65 creatures vanquished

Notes
Turn   | Place    | Note
-------+----------+-------------------------------------------
     0 | D:1      | qw the Ghoul Fire Elementalist began the quest for the Orb.
     0 | D:1      | Reached XP level 1. HP: 14/14 MP: 2/2
     0 | D:1      | 0 ||| qw: Version: 0.1-a-90-g952f4b7
     0 | D:1      | 0 ||| qw: Game counter: 3689
     0 | D:1      | 0 ||| qw: Always use a shield: true
     0 | D:1      | 0 ||| qw: God list: Okawaru
     0 | D:1      | 0 ||| qw: Allow faded altars: false
     0 | D:1      | 0 ||| qw: Do Orc after D:15 true
     0 | D:1      | 0 ||| qw: Do second Lair branch before Depths: true
     0 | D:1      | 0 ||| qw: Lair rune preference: random
     0 | D:1      | 0 ||| qw: Plans: Normal
     0 | D:1      | 0 ||| PLANNING D:1-11
    25 | D:1      | Found Kikurghuc's Weapon Shoppe.
   251 | D:1      | Reached skill level 1 in Unarmed Combat
   323 | D:1      | Found Uzxovag's Assorted Antiques.
   334 | D:1      | 334 ||| Stepping ~*~*~tactically~*~*~ (stealth).
   339 | D:1      | HP: 3/15 [kobold/+0 short sword (4)]
   341 | D:1      | Reached skill level 1 in Fighting
   341 | D:1      | Reached XP level 2. HP: 6/23 MP: 3/3
   344 | D:1      | 344 ||| Stepping ~*~*~tactically~*~*~ (stealth).
   686 | D:1      | 686 ||| SHOPLISTING fuming inky potion (18 gold, have 0).
   686 | D:1      | 686 ||| SHOPLISTING fuming silvery potion (18 gold, have
                  | 0).
   686 | D:1      | 686 ||| SHOPLISTING opal ring (100 gold, have 0).
   686 | D:1      | 686 ||| SHOPLISTING scroll labelled MUUZUI POJYN (20 gold,
                  | have 0).
   686 | D:1      | 686 ||| SHOPLISTING scroll labelled PYFFUDU QATIX (20 gold,
                  | have 0).
   686 | D:1      | 686 ||| SHOPLISTING scroll labelled ZEISTE TUCEFF (20 gold,
                  | have 0).
   779 | D:1      | 779 ||| UPGRADING to amulet of regeneration.
   919 | D:1      | 919 ||| Stepping ~*~*~tactically~*~*~ (stealth).
   921 | D:1      | 921 ||| Stepping ~*~*~tactically~*~*~ (stealth).
   956 | D:1      | Found Evaike's Weapon Boutique.
   962 | D:1      | Found Lolal's Magic Scroll Emporium.
   975 | D:1      | 975 ||| SHOPLISTING scroll of enchant weapon (90 gold, have
                  | 21).
   975 | D:1      | 975 ||| SHOPLISTING scroll of identify (24 gold, have 21).
   975 | D:1      | 975 ||| SHOPLISTING scroll of teleportation (36 gold, have
                  | 21).
  1089 | D:1      | 1089 ||| READING scroll labelled BUFUKHI OPPUN.
  1092 | D:1      | 1092 ||| READING scroll labelled NOWNOIZOLO.
  1093 | D:1      | 1093 ||| READING scroll labelled WIATOL WIALI.
  1094 | D:1      | 1094 ||| DROPPING potion of magic.
  1095 | D:1      | 1095 ||| Stepping randomly (stuck).
  1214 | D:1      | 1214 ||| UPGRADING to +0 cloak.
  1219 | D:1      | 1219 ||| Stepping randomly (stuck).
  1259 | D:1      | Reached skill level 2 in Unarmed Combat
  1401 | D:1      | Found Asuzecaso's Distillery.
  1406 | D:1      | 1406 ||| SHOPLISTING 2 potions of resistance (220 gold,
                  | have 28).
  1406 | D:1      | 1406 ||| SHOPLISTING potion of curing (33 gold, have 28).
  1406 | D:1      | 1406 ||| SHOPLISTING potion of resistance (110 gold, have
                  | 28).
  1555 | D:2      | Reached XP level 3. HP: 28/28 MP: 4/4
  1768 | D:2      | 1768 ||| Stepping ~*~*~tactically~*~*~ (stealth).
  1771 | D:2      | 1771 ||| Stepping ~*~*~tactically~*~*~ (stealth).
  1810 | D:2      | 1810 ||| Stepping ~*~*~tactically~*~*~ (stealth).
  1812 | D:2      | 1812 ||| Stepping ~*~*~tactically~*~*~ (stealth).
  1813 | D:2      | 1813 ||| Stepping ~*~*~tactically~*~*~ (stealth).
  1816 | D:2      | 1816 ||| Stepping ~*~*~tactically~*~*~ (stealth).
  1836 | D:2      | Reached skill level 3 in Unarmed Combat
  1983 | D:2      | 1983 ||| UPGRADING to +0 pair of gloves.
  1988 | D:2      | 1988 ||| UPGRADING to +0 leather armour.
  1998 | D:2      | 1998 ||| DROPPING +0 robe.
  1999 | D:2      | 1999 ||| UPGRADING to +0 ring mail.
  2009 | D:2      | 2009 ||| DROPPING +0 leather armour.
  2010 | D:2      | 2010 ||| UPGRADING to +0 scale mail.
  2020 | D:2      | 2020 ||| DROPPING +0 ring mail.
  2021 | D:2      | 2021 ||| UPGRADING to +6 ring of dexterity.
  2022 | D:2      | 2022 ||| READING scroll labelled VUMOJ ASACI.
  2023 | D:2      | 2023 ||| DRINKING 2 orange potions.
  2070 | D:3      | 2070 ||| Stepping ~*~*~tactically~*~*~ (stealth).
  2074 | D:3      | 2074 ||| FLEEEEING.
  2075 | D:3      | 2075 ||| FLEEEEING.
  2076 | D:3      | 2076 ||| FLEEEEING.
  2083 | D:3      | 2083 ||| Stepping ~*~*~tactically~*~*~ (hiding).
  2204 | D:3      | Found a runed translucent door.
  2205 | D:3      | Noticed Crazy Yiuf
  2379 | D:3      | 2379 ||| Stepping ~*~*~tactically~*~*~ (stealth).
  2380 | D:3      | 2380 ||| Stepping ~*~*~tactically~*~*~ (stealth).
  2382 | D:3      | 2382 ||| Stepping ~*~*~tactically~*~*~ (stealth).
  2387 | D:3      | Reached XP level 4. HP: 35/35 MP: 5/5
  2402 | D:3      | Found a faded altar of an unknown god.
  2768 | D:3      | 2768 ||| UPGRADING to +4 ring of evasion.
  2769 | D:3      | 2769 ||| READING 2 scrolls labelled QITHRO GOTU.
  2860 | D:3      | 2860 ||| READING scroll labelled CYVUHO DYBYEHEYNN.
  2861 | D:3      | 2861 ||| READING scroll labelled ZEISTE TUCEFF.
  2877 | D:4      | Noticed a scorpion
  2879 | D:4      | Noticed Menkaure
  2880 | D:4      | 2880 ||| STAIRDANCE
  2899 | D:3      | Killed a scorpion
  2900 | D:3      | Reached skill level 4 in Unarmed Combat
  2900 | D:3      | Reached XP level 5. HP: 32/40 MP: 6/6
  2938 | D:4      | 2938 ||| STAIRDANCE
  2980 | D:4      | 2980 ||| STAIRDANCE
  3086 | D:4      | HP: 7/41 [Menkaure (8)]
  3087 | D:4      | 3087 ||| READING scroll of teleportation.
  3088 | D:4      | HP: 2/41 [Menkaure (2)]
  3089 | D:4      | Killed Menkaure
  3090 | D:4      | Reached skill level 6 in Unarmed Combat
  3090 | D:4      | Reached XP level 6. HP: 3/48 MP: 7/7
  3090 | D:4      | Killed from afar by a white imp

Levels and vault maps discovered:
D:1:      mrwooster_arrival_statue_3, layout_basic, serial_co_window_serial,
          co_window_of_opportunity_a, co_window_paths_b, co_window_paths_a,
          co_window_of_opportunity_a, co_window_paths_a, co_window_cross_4,
          co_window_paths_c, co_window_unsneaky_path_b,
          co_window_of_opportunity_c, co_window_4corner_b, co_window_sun,
          glass_columns_c, glass_columns_a, serial_shops, shop,
          nicolae_shop_overgrown_old_shop, nicolae_shop_bloodbath_and_beyond,
          nicolae_shop_statue_plus, nicolae_shop_waterfront, st_stairs_14
D:2:      layout_rooms
D:3:      layout_loops_cross, hellmonk_ecumenical_altar_arch_garden,
          uniq_crazy_yiuf_cottage
D:4:      layout_cave_pools, serial_demonic, serial_demonic_g, serial_demonic_d,
          serial_demonic_c, serial_demonic_a, uniq_menkaure

Skill      XL: |  1  2  3  4  5 |
---------------+----------------+-----
Unarmed Combat | 1 2 3 4 6 |  6.1
Fighting       | 1 2 |  2.1
Dodging        | |  1.7
Stealth        | |  2.1
Spellcasting   | |  1.7
Conjurations   | |  0.7
Fire Magic     | |  2.4

Action                   |  1- 3 |  4- 6 || total
-------------------------+-------+-------++-------
Melee: Unarmed           |   194 |   109 ||   303
       Punch             |     2 |     2 ||     4
Throw: Javelin           |     1 |     8 ||     9
  Use: Scroll            |     4 |     4 ||     8
       Potion            |     1 |       ||     1
 Stab: Sleeping          |     1 |       ||     1
Armor: Robe              |    22 |       ||    22
       Scale mail        |    14 |    93 ||   107
Dodge: Dodged            |   102 |   112 ||   214

Table legend:
 A = Non-vault XP
 B = Vault XP
 C = Vault XP percentage of total XP
 D = Non-vault monster count
 E = Vault monster count
 F = Vault count percentage of total count
                 A         B        C        D         E       F
            +---------+---------+-------+---------+---------+-------
      Total |     188 |     219 |  53.8 |      54 |       3 |   5.3
            +---------+---------+-------+---------+---------+-------
        D:1 |      25 |       1 |   3.8 |      19 |       1 |   5.0
        D:2 |      41 |       0 |   0.0 |      17 |       0 |   0.0
        D:3 |     122 |      46 |  27.4 |      18 |       1 |   5.3
        D:4 |       0 |     172 | 100.0 |       0 |       1 | 100.0
            +---------+---------+-------+---------+---------+-------
